 Dungeon Crawl Stone Soup version 0.22-b1-26-g9dbaab1112 (webtiles) character file.

593 Jupotter the Shield-Bearer (level 7, 0/56 HPs)
             Began as a Formicid Fighter on Aug 8, 2018.
             Was a Follower of Qazlal.
             Slain by Pikel
             ... wielding a +1 whip of freezing
              (3 damage)
             ... on level 5 of the Dungeon.
             The game lasted 00:11:41 (3536 turns).

Jupotter the Shield-Bearer (Formicid Fighter)       Turns: 3536, Time: 00:11:41

Health: 0/56       AC:  7    Str: 22    XL:     7   Next: 67%
Magic:  8/8        EV:  8    Int:  8    God:    Qazlal [*.....]
Gold:   114        SH: 12    Dex: 10    Spells: 6/6 levels left

rFire    . . .     SeeInvis +   a - +0 long sword
rCold    . . .     Gourm    .   c - +0 shield
rNeg     . . .     Faith    .   b - +0 scale mail
rPois    .         Spirit   .   (helmet unavailable)
rElec    .         Reflect  .   (no cloak)
rCorr    .         Harm     .   (no gloves)
MR       .....                  (no boots)
Stlth    ..........             (no amulet)
HPRegen  0.18/turn              q - ring of teleportation (curse) {+/*tele, !d}
MPRegen  0.11/turn              (no ring)

@: no status effects
A: permanent stasis, dig shafts and tunnels, four strong arms, antennae 3
a: Dig, Shaft Self, Renounce Religion


You were on level 5 of the Dungeon.
You worshipped Qazlal.
Qazlal was aware of your devotion.
You were hungry.

You visited 1 branch of the dungeon, and saw 5 of its levels.

You collected 114 gold pieces.

Inventory:

Hand Weapons
 a - a +0 long sword (weapon)
Armour
 b - a +0 scale mail (worn)
 c - a +0 shield (worn)
Jewellery
 q - a cursed ring of teleportation (left hand) {+/*tele, !d}
Scrolls
 h - a scroll of fog {unknown}
 k - a scroll of blinking {unknown}
 l - a scroll of noise {unknown}
 m - a scroll of random uselessness {unknown}
 n - a scroll of fear {unknown}
 o - a scroll of remove curse {unknown}
 t - a scroll of teleportation {unknown}
 v - a scroll of enchant armour {unknown}
Potions
 d - 4 potions of might
 e - 2 potions of resistance
 p - a potion of lignification {!q}
 r - a potion of brilliance
 s - a potion of mutation {unknown}
Comestibles
 f - 6 rations


   Skills:
 * Level 5.2 Fighting
 * Level 4.2 Long Blades
 * Level 5.3 Armour
 * Level 5.7 Shields
 + Level 1.4 Invocations


You had 6 spell levels left.
You didn't know any spells.
Your spell library was empty.

Dungeon Overview and Level Annotations

Branches:
Dungeon (5/15)
 Temple: D:4-7

Altars:
Dithmenos
Elyvilon
Fedhas
Nemelex Xobeh
Okawaru
Qazlal

Annotations:
D:2 1 runed door
D:5 Pikel


Innate Abilities, Weirdness & Mutations

You cannot be hasted, slowed, berserked, paralysed or teleported.
You can dig through walls and to a lower floor.
Your four strong arms can wield two-handed weapons with a shield.
You have a pair of large antennae on your head. (SInv)


Message History

You are feeling hungry.
You block the hound's attack. x2; Pikel hits you with a whip of freezing!
* * * LOW HITPOINT WARNING * * *
Pikel freezes you.
* * * LOW HITPOINT WARNING * * *
You feel better. You block the hound's attack. Pikel closely misses you.
You riposte.
You hit Pikel.
Pikel is almost dead.
You block the hound's attack.
You hit Pikel.
Pikel is almost dead.
You block the hound's attack. You block Pikel's attack.
You block the hound's attack.
You closely miss Pikel.
Pikel is almost dead.
You block Pikel's attack. The hound barely misses you.
Pikel hits you with a whip of freezing!
* * * LOW HITPOINT WARNING * * *
Pikel freezes you.
You die...

. ##.#........
#.##..#.......#
#..............
###.#............
##..... #.........
...≈≈≈. #.<.......
#..≈!≈. #{........
...≈≈≈§##ppo..$...
......h@KSco......
......)##pS....>..
####... #oo.......
#... #.........
#... !........#
.... .##......
..#.. . ..#...
#.##.! ....#


You could see Pikel, 3 slaves, a centaur, a hound, an orc wizard, an adder, 2
orcs and a ball python.

Vanquished Creatures
  A phantom (D:3)
  2 scorpions (D:4)
  2 wights (D:4)
  2 orc priests (D:3)
  An iguana (D:4)
  Jessica (D:2)
  2 worker ants (D:4)
  6 adders
  A worm (D:2)
  3 dart slugs
  3 leopard geckos
  7 orcs
  5 giant cockroaches
  12 goblins
  10 hobgoblins
  13 jackals
  8 kobolds
  2 quokkas (D:2)
  7 bats
  2 frilled lizards
  8 rats
98 creatures vanquished.

Notes
Turn   | Place    | Note
-------+----------+-------------------------------------------
     0 | D:1      | Jupotter the Formicid Fighter began the quest for the Orb.
     0 | D:1      | Reached XP level 1. HP: 18/18 MP: 1/1
    74 | D:1      | Reached XP level 2. HP: 23/24 MP: 2/2
   281 | D:1      | Reached XP level 3. HP: 7/29 MP: 3/3
   968 | D:2      | Reached XP level 4. HP: 37/37 MP: 4/4
  1069 | D:2      | Found a stormy altar of Qazlal.
  1070 | D:2      | Found a blossoming altar of Fedhas.
  1087 | D:2      | Became a worshipper of Qazlal Stormbringer
  1197 | D:2      | Found a runed door.
  1333 | D:2      | Found an iron altar of Okawaru.
  1533 | D:2      | Noticed Jessica
  1556 | D:2      | Killed Jessica
  1849 | D:3      | Reached XP level 5. HP: 41/42 MP: 5/5
  1870 | D:3      | Found a shadowy altar of Dithmenos.
  2005 | D:3      | Noticed a phantom
  2013 | D:3      | Reached * piety under Qazlal
  2047 | D:3      | Killed a phantom
  2047 | D:3      | Reached XP level 6. HP: 42/49 MP: 6/6
  2129 | D:3      | Found a sparkling altar of Nemelex Xobeh.
  2137 | D:3      | Reached skill level 5 in Shields
  2151 | D:3      | HP: 1/49 [orc priest/nerve-wracking pain (12)]
  2205 | D:3      | HP: 2/49 [adder (3)]
  2648 | D:4      | Reached XP level 7. HP: 36/55 MP: 7/7
  2803 | D:4      | Found a white marble altar of Elyvilon.
  2907 | D:4      | Reached skill level 5 in Fighting
  2907 | D:4      | Reached skill level 5 in Armour
  2907 | D:4      | Reached skill level 1 in Invocations
  3482 | D:5      | Entered Level 5 of the Dungeon
  3482 | D:5      | Noticed Pikel
  3536 | D:5      | Slain by Pikel

Skill      XL: |  1  2  3  4  5  6  7 |
---------------+----------------------+-----
Shields        | 4 5 |  5.7
Fighting       | 4 5 |  5.2
Armour         | 4 5 |  5.3
Long Blades    | 3 4 |  4.2
Invocations    | 1 |  1.4

Action                   |  1- 3 |  4- 6 |  7- 9 || total
-------------------------+-------+-------+-------++-------
Melee: Long sword        |   123 |   188 |   114 ||   425
  Use: Scroll            |       |     2 |     3 ||     5
       Potion            |       |     1 |     3 ||     4
  Eat: Chunk             |     1 |     5 |     3 ||     9
Armor: Scale mail        |    88 |    95 |    47 ||   230
Dodge: Dodged            |    56 |    67 |    40 ||   163
Block: Shield            |    79 |   113 |   105 ||   297
       Rpst.: Long sword |    16 |    22 |    12 ||    50
